 Dungeon Crawl Stone Soup version 0.32-a0-975-g85d4e5bfdb (webtiles) character file.

Game seed: 3643119728311178982

282605 Dirtsage the Covert (level 20, -6/106 (111) HPs)
             Began as a Vine Stalker Fighter on Apr 18, 2024.
             Was a High Priest of Uskayaw.
             Shot with an arrow by a deep elf master archer (10 damage)
             ... on level 3 of the Elven Halls on Apr 19, 2024.
             The game lasted 02:18:14 (31112 turns).

Dirtsage the Covert (Vine Stalker Fighter)         Turns: 31112, Time: 02:18:15

HP:   -6/106 (111)  AC: 21    Str: 22    XL:     20   Next: 53%
MP:   0/44          EV: 17    Int: 13    God:    Uskayaw [*****.]
Gold: 506           SH:  8    Dex: 26    Spells: 24/38 levels left

rFire   + . .        u - +8 dagger "Xafargh" {freeze, Dex+4}
rCold   + + +        c - +0 buckler "Ussinow" {rElec Str+2 Slay+2}
rNeg    . . .        a - +6 ring mail of Noughts and Crosses {Regen+ Slay+2}
rPois   +            m - +3 hat of Pondering {ponderous, Will+ MP+10 Int+5}
rElec   +            H - scarf {rC+ rF+}
rCorr   .            y - +0 pair of gloves
SInv    +            l - +3 pair of mountain boots {steadfast, rC+}
Will    +++..        U - amulet of faith
Stlth   ++++++       P - ring of poison resistance
HPRegen 1.97/turn    S - ring of see invisible
MPRegen 0.29/turn

%: guardian spirit, faith
@: lightly drained, slow
A: fangs 3, regeneration 1, magic shield, antimagic bite, no potion heal 2, cold
resistance 2, inability to drink after injury 1
}: 2/15 runes: barnacled, gossamer
a: Renounce Religion, Stomp, Line Pass, Grand Finale


You were on level 3 of the Elven Halls.
You worshipped Uskayaw.
Uskayaw was pleased with you.
You visited 7 branches of the dungeon, and saw 34 of its levels.
You also visited: Ice Cave.

You collected 3894 gold pieces.
You spent 3388 gold pieces at shops.

Inventory:

Hand Weapons
 u - the +8 dagger "Xafargh" (weapon) {freeze, Dex+4}
   (You found it on level 2 of the Dungeon)

   Dex+4:     It affects your dexterity (+4).
Missiles
 v - 21 javelins (quivered)
 T - 36 boomerangs
Armour
 a - the +6 ring mail of Noughts and Crosses (worn) {Regen+ Slay+2}
   (You bought it in a shop on level 11 of the Dungeon)

   Slay+2:    It affects your accuracy & damage with ranged weapons and melee
   (+2).
   Regen+:    It increases your rate of health regeneration.
 c - the +0 buckler "Ussinow" (worn) {rElec Str+2 Slay+2}
   (You bought it in a shop on level 2 of the Orcish Mines)

   Str+2:     It affects your strength (+2).
   Slay+2:    It affects your accuracy & damage with ranged weapons and melee
   (+2).
   rElec:     It insulates you from electricity.
 l - the +3 pair of mountain boots (worn) {steadfast, rC+}
   (You acquired it on level 5 of the Lair of Beasts)

   Steadfast: It prevents involuntary movement, except for blinking,
   teleportation, or banishment.
   rC+:       It protects you from cold.
 m - the +3 hat of Pondering (worn) {ponderous, Will+ MP+10 Int+5}
   (You took it off Gastronok on level 3 of the Lair of Beasts)

   Int+5:     It affects your intelligence (+5).
   Will+:     It increases your willpower.
   MP+10:     It affects your magic capacity (+10).
 y - a +0 pair of gloves (worn)
 z - the +6 ring mail of Ennui {rPois rN+ Dex+5}
   (You bought it in a shop on level 1 of the Dungeon)

   Dex+5:     It affects your dexterity (+5).
   rPois:     It protects you from poison.
   rN+:       It protects you from negative energy.
 H - a scarf of resistance (worn)
Jewellery
 p - a +6 ring of dexterity
 r - a ring of flight
 C - a ring of resist corrosion
 F - a ring of protection from fire
 I - a ring of protection from cold
 P - a ring of poison resistance (left hand)
 S - a ring of see invisible (right hand)
 U - an amulet of faith (around neck)
 W - a ring of wizardry
Wands
 D - a wand of digging (13)
 E - a wand of iceblast (21)
 K - a wand of mindburst (33)
Scrolls
 b - 2 scrolls of silence
 g - 3 scrolls of fear
 i - 7 scrolls of identify
 k - 8 scrolls of enchant weapon
 o - 2 scrolls of revelation
 s - 3 scrolls of poison
 t - 10 scrolls of teleportation
 w - 7 scrolls of immolation
 x - a scroll of butterflies
 B - 9 scrolls of blinking
 J - 2 scrolls of brand weapon
 Q - 8 scrolls of enchant armour
 X - 2 scrolls of torment
 Y - 2 scrolls of fog
Potions
 d - 6 potions of might
 f - 2 potions of magic
 h - 4 potions of haste
 j - 7 potions of lignification
 n - a potion of resistance
 q - 13 potions of curing
 G - 9 potions of attraction
 M - 2 potions of cancellation
 N - 7 potions of enlightenment
 O - 4 potions of mutation
 R - 5 potions of berserk rage
 Z - 3 potions of invisibility
Miscellaneous
 e - a box of beasts
 A - a phantom mirror
 L - a lightning rod (4/4)
 V - a phial of floods


   Skills:
 + Level 14.0 Fighting
 - Level 14.0 Short Blades
 + Level 9.3 Armour
 + Level 8.8 Dodging
 + Level 14.7 Stealth
 - Level 9.5 Shields
 + Level 9.9 Spellcasting
 + Level 13.1 Translocations
 - Level 10.5 Air Magic
 - Level 2.3 Earth Magic
 + Level 12.7 Invocations


You had 24 spell levels left.
You knew the following spells:

 Your Spells              Type           Power      Damage    Failure   Level
a - Vhi's Electric Charg  Tloc/Air       74%        N/A       1%          4
b - Manifold Assault      Tloc           20%        N/A       58%         7
w - Passwall              Erth           12%        N/A       22%         3

Your spell library contained the following spells:

 Spells                   Type           Power      Damage    Failure   Level
 Apportation              Tloc           80%        N/A       1%          1
 Lesser Beckoning         Tloc           80%        N/A       1%          2
 Maxwell's Portable Pile  Tloc           40%        2d(9-25)  1%          3
 Swiftness                Air            33%        N/A       1%          3
 Teleport Other           Tloc           40%        N/A       1%          3
 Shock                    Conj/Air       80%        1d8       2%          1
 Airstrike                Air            16%        2d(3-19)  2%          4
 Mercury Vapours          Alch/Air       40%        N/A       3%          2
 Volatile Blastmotes      Fire/Tloc      46%        2d13      4%          3
 Cigotuvi's Dreadful Rot  Necr/Alch/Air  30%        N/A       7%          2
 Dimensional Bullseye     Hex/Tloc       11%        N/A       13%         4
 Iskenderun's Mystic Bla Conj/Tloc 23%            2d6        (+2d3     13%         4
 Mephitic Cloud           Conj/Alch/Air  15%        N/A       14%         3
 Dispersal                Tloc           20%        N/A       14%         6
 Gell's Gavotte           Tloc           20%        2d(20-30) 14%         6
 Kiss of Death            Conj/Necr      24%        2d7       21%         1
 Necrotise                Necr           24%        1d5       21%         1
 Slow                     Hex            24%        N/A       21%         1
 Sting                    Conj/Alch      24%        1d4       21%         1
 Summon Small Mammal      Summ           24%        N/A       21%         1
 Call Imp                 Summ           12%        N/A       30%         2
 Ensorcelled Hibernation  Hex/Ice        12%        N/A       30%         2
 Jinxbite                 Hex            12%        N/A       30%         2
 Sublimation of Blood     Necr           6%         N/A       30%         2
 Summon Forest            Summ/Tloc      11%        N/A       36%         5
 Call Canine Familiar     Summ           6%         N/A       52%         3
 Confusing Touch          Hex            6%         N/A       52%         3
 Frozen Ramparts          Ice            12%        1d2       52%         3
 Hailstorm                Conj/Ice       6%         3d5       52%         3
 Ozocubu's Armour         Ice            6%         N/A       52%         3
 Sigil of Binding         Hex            6%         N/A       52%         3
 Summon Ice Beast         Ice/Summ       6%         N/A       52%         3
 Vampiric Draining        Necr           6%         2d6       52%         3
 Petrify                  Alch/Erth      9%         N/A       75%         4
 Freezing Cloud           Conj/Ice/Air   7%         6-21      77%         5
 Animate Dead             Necr           6%         N/A       89%         4
 Dispel Undead            Necr           6%         3d8       89%         4
 Fulminant Prism          Conj/Alch      3%         3d5       89%         4
 Martyr's Knell           Necr/Summ      6%         N/A       89%         4
 Olgreb's Toxic Radiance  Alch           6%         N/A       89%         4
 Borgnjor's Vile Clutch   Necr/Erth      4%         N/A       97%         5
 Alistair's Intoxication  Alch           4%         N/A       99%         5
 Irradiate                Conj/Alch      3%         3d12      99%         5
 Metabolic Englaciation   Hex/Ice        3%         N/A       99%         5
 Yara's Violent Unravell  Hex/Alch       3%         3d4       99%         5
 Disjunction              Tloc           20%        N/A       99%         8
 Death Channel            Necr           3%         N/A       100%        6
 Eringya's Noxious Bog    Alch           3%         4d6       100%        6
 Permafrost Eruption      Ice/Erth       4%         2x4d2     100%        6
 Sculpt Simulacrum        Ice/Alch       3%         N/A       100%        6
 Enfeeble                 Hex            3%         N/A       100%        7
 Rimeblight               Ice/Necr       3%         2d3       (prima100%   7
 Summon Hydra             Summ           3%         N/A       100%        7
 Fulsome Fusillade        Conj/Alch      3%         (3-5)d4   100%        8


Dungeon Overview and Level Annotations

Branches:
Dungeon (15/15)            Temple (1/1) D:6            Lair (5/5) D:10
 Shoals (4/4) Lair:3       Spider (4/4) Lair:2        Slime (0/5) Lair:5
    Orc (2/2) D:12            Elf (3/3) Orc:2        Vaults (0/5) D:13
 Depths (0/4) D:15          IceCv (visited)

Altars:
Ashenzari
Cheibriados
Dithmenos
Elyvilon
Fedhas
Gozag
Hepliaklqana
Kikubaaqudgha
Makhleb
Nemelex Xobeh
Okawaru
Qazlal
Ru
Sif Muna
Trog
Uskayaw
Vehumet
Wu Jian
Xom
Yredelemnul
Zin
The Shining One
Beogh
Lugonu

Shops:
D:1 [   D:3 (   D:9 :   D:10 !   D:11 *(:   Orc:2 [*=!   Elf:3 =

Portals:
Abyss: Lair:5
Pandemonium: Orc:2

Annotations:
D:3 passwall
D:4 1 runed translucent door
D:6 2 transporters, exclusions: door and 1 more exclusion, Hans's ghost, novice MfAl
D:14 3 runed translucent doors, Dirtsage's ghost, journeyman DsFE
Lair:2 1 runed translucent door, exclusion: door, Rupert


Innate Abilities, Weirdness & Mutations

You have razor-sharp teeth.
Your natural rate of healing is unusually fast.
When hurt, damage is shared between your health and your magic reserves.
Your bite disrupts and absorbs the magic of your enemies.
Potions cannot restore your health.
Your flesh is very cold resistant. (rC++)
You occasionally lose the ability to drink potions when taking damage.


Message History

Confirm with . or Enter, or press ? or * to list all spells.
Aiming: Vhi's Electric Charge (mildly dangerous; 1% risk of failure)
Press: ? - help, Shift-Dir - straight line, f - deep elf death mage
Aim: a deep elf death mage, wielding a +0 heavy trident and wearing a +0 leather armour (84% to hit)
You charge forward with an electric crackle!
You hit the deep elf death mage and electrocute it.
You freeze the deep elf death mage. You bite the deep elf death mage!
The deep elf death mage's magic leaks into the air.
You drain its magic.
You feel invigorated.
The deep elf death mage is moderately wounded.
The deep elf master archer shoots an arrow.
You block the arrow.
The deep elf master archer shoots an arrow.
The arrow misses you.
The deep elf archer unwields a +0 dagger.
The deep elf archer wields a +0 shortbow.
The deep elf archer shoots an arrow.
The arrow hits you!
The deep elf death mage hits you with a +0 heavy trident!
You take 11 damage, and have 42/106 hp.
You now have 18/44 mp.
You closely miss the deep elf death mage.
Your bite misses the deep elf death mage.
The deep elf death mage is moderately wounded.
The deep elf master archer shoots an arrow.
The arrow closely misses you.
You hit the deep elf death mage but do no damage.
Your bite misses the deep elf death mage.
The deep elf death mage is moderately wounded.
The deep elf master archer shoots an arrow.
The arrow hits you!
You take 8 damage, and have 35/106 hp.
You now have 14/44 mp.
The deep elf archer shoots an arrow.
The arrow hits you.
The deep elf master archer shoots an arrow.
The arrow hits you!!!
* * * LOW HITPOINT WARNING * * *
The deep elf death mage hits you from afar with a +0 heavy trident.
* * * LOW HITPOINT WARNING * * *
The deep elf master archer shoots an arrow.
The arrow hits you!
You die...
Your body falls in perfect tune with the rhythm.

#............## #......
#### '..⌠..........#
#..... ....
#.............##
#...#########
#########......#
#...##...... ##...).##
##.##)#...... ##.....#
##..###....).. ##...e#
#..## ##...... ##'
#...§####.## #......
#...#...$@).).# ###......
#....e...#########........
#.⌠......# #..........
#.....e..# #.#.#.).<..
#........# #.....###..
#.......## #.#.#.# #.#
#.......# #.....###.#
#......## ##..##....#
....... #..##.####


You could see a deep elf death mage (magic disrupted), a deep elf master archer
(pain bonded) and a deep elf archer (repels missiles, pain bonded).

Vanquished Creatures
  Bai Suzhen (Spider:4)
  Arachne (Spider:4)
  Jorgrun (Orc:2)
  Mlioglotl (Spider:4)
  A deep elf master archer (Elf:3)
  Frances (Spider:1)
  3 deep elf blademasters
  2 sphinxes (Shoals:4)
  Gastronok (Lair:3)
  Ilsuiw (Shoals:2)
  A deep elf sorcerer (Elf:3)
  2 ghost moths
  11 deep elf elementalists
  2 emperor scorpions (Spider:4)
  2 orc warlords
  5 broodmothers (Spider:4)
  2 very ugly things (IceCv)
  2 deep elf demonologists (Elf:3)
  6 deep elf death magi
  2 minotaurs (Shoals:4)
  6 deep elf annihilators
  4 merfolk impalers
  An ettin (D:15)
  A deep elf high priest (Elf:3)
  2 caustic shrike simulacra (IceCv)
  An entropy weaver (Spider:4)
  5 vault guards (D:13)
  3 demonspawn (Orc:2)
  3 jorogumos
  10 hydras
  3 two-headed ogres
  13 satyrs
  A merfolk avatar (Shoals:2)
  5 centaur warriors
  3 merfolk aquamancers
  3 alligator snapping turtles
  8 radroaches
  25 dancing weapons
  4 boulder beetles
  A death scarab (Spider:4)
  4 thrashing horrors (Lair:5)
  4 demonic crawlers
  A tengu warrior (D:15)
  5 orc high priests
  Urug (Lair:1)
  An occultist (D:15)
  A soul eater (Orc:2)
  16 deep elf knights
  Amaemon (D:10)
  A sixfirhy (Orc:2)
  2 pharaoh ants (Spider:2)
  6 skysharks
  11 sea snakes
  16 deep elf archers
  2 sun moths
  4 orb spiders
  7 steelbarb worms
  2 lindwurms (Lair:5)
  28 deep elf pyromancers
  3 orange crystal statues
  An arcanist (D:13)
  25 harpies
  7 orc knights
  22 deep elf zephyrmancers
  20 wolf spiders
  7 cyclopes
  19 manticores
  Maurice (Orc:2)
  33 fauns
  11 orc sorcerers
  6 ugly things
  3 moths of wrath
  12 merfolk sirens
  4 elephants (Lair:4)
  A guardian serpent (shapeshifter) (D:15)
  12 meliai
  4 water nymphs
  A kobold blastminer (Orc:2)
  2 smoke demons (Lair:5)
  An ice statue (D:11)
  3 black mambas
  A molten gargoyle (Lair:3)
  A large abomination (Lair:5)
  A gargoyle (D:10)
  3 torpor snails
  14 cane toads
  5 freezing wraiths
  Maggie (Lair:1)
  An orange demon (D:10)
  An efreet (D:14)
  3 rime drakes
  6 komodo dragons
  4 kobold demonologists
  A yaktaur (Shoals:2)
  A tengu conjurer (D:13)
  3 anaconda simulacra (IceCv)
  2 unseen horrors
  3 golden dragon simulacra (IceCv)
  An ice devil (Orc:2)
  A queen bee (D:9)
  A red devil (Orc:2)
  A hornet (D:8)
  4 polar bears
  5 trolls
  22 merfolk
  26 jumping spiders
  15 tarantellas
  6 wind drakes
  2 alligator simulacra (IceCv)
  22 blink frogs
  3 dream sheep (Shoals:2)
  2 raiju (Lair:5)
  8 snapping turtles
  A blink frog (shapeshifter) (Elf:1)
  7 slime creatures
  A wraith (D:11)
  3 air elementals
  Sigmund (D:5)
  3 shadows
  10 culicivoras
  2 dire elephant simulacra (IceCv)
  13 water elementals
  51 yaks
  2 vampires
  2 humans
  A ynoxinul (Lair:5)
  4 fire elementals
  2 wargs (D:12)
  8 wyverns
  3 fire bats (Orc:2)
  31 redbacks
  15 vampire mosquitoes
  3 steam dragons
  10 basilisks
  2 chaos spawn (Lair:5)
  Menkaure (D:5)
  A harpy simulacrum (IceCv)
  An acid dragon (D:9)
  An acid dragon (shapeshifter) (Lair:5)
  15 water moccasins
  A hydra simulacrum (IceCv)
  51 orc warriors
  3 sky beasts
  4 black bears
  An ettin simulacrum (IceCv)
  6 laughing skulls (D:13)
  5 ogres
  18 wolves
  A crocodile (shapeshifter) (D:15)
  11 centaurs
  2 phantoms
  4 kobold brigands
  2 gnoll sergeants
  10 bullfrogs
  10 small abominations (Lair:5)
  4 scorpions
  8 wights
  27 killer bees (D:9)
  A lindwurm simulacrum (IceCv)
  3 howler monkeys
  2 bombardier beetles (D:5)
  A lava snake (Lair:3)
  6 jellies
  A hound (D:6)
  2 iguanas (D:6)
  29 orc priests
  A human zombie (D:4)
  2 sleepcaps
  21 orc wizards
  6 hell rats (Lair:1)
  3 adders
  19 gnolls
  A shadow imp (D:6)
  A white imp (D:5)
  An ufetubus (D:5)
  2 ribbon worms
  5 dart slugs
  83 orcs
  6 ball pythons
  3 bats
  6 endoplasms
  3 giant cockroaches
  7 hobgoblins
  27 kobolds
  7 quokkas
  A frilled lizard (D:1)
  3 goblins
  A jackal skeleton (D:4)
  6 rats
1253 creatures vanquished.

Vanquished Creatures (collateral kills)
  An elephant (Lair:4)
  A black mamba (Lair:4)
2 creatures vanquished.

Vanquished Creatures (others)
  Nessos (Lair:4)
  A deep elf zephyrmancer (Elf:1)
  A water elemental (Elf:2)
  2 orc warriors
  An orc priest (Orc:2)
  3 orcs (D:14)
9 creatures vanquished.

Grand Total: 1264 creatures vanquished

Notes
Turn   | Place    | Note
-------+----------+-------------------------------------------
     0 | D:1      | Dirtsage the Vine Stalker Fighter began the quest for the
                  | Orb.
     0 | D:1      | Reached XP level 1. HP: 11/11 MP: 2/2
    85 | D:1      | Reached XP level 2. HP: 16/16 MP: 3/3
   165 | D:1      | Found Witry's Antique Armour Emporium.
   469 | D:1      | Reached XP level 3. HP: 19/19 MP: 4/4
   831 | D:2      | Reached XP level 4. HP: 23/23 MP: 5/5
   899 | D:2      | Identified the +8 dagger "Xafargh" {freeze, Dex+4}
  1334 | D:3      | Found a shimmering blue altar of Sif Muna.
  1481 | D:3      | Found a faded altar of an unknown god.
  1517 | D:3      | Reached XP level 5. HP: 27/27 MP: 6/6
  1517 | D:3      | Identified a scroll of acquirement
  1517 | D:3      | Acquired 623 gold pieces
  1588 | D:1      | Bought a masterwork ring mail for 153 gold pieces
  1588 | D:1      | Identified the +6 ring mail of Ennui {rPois rN+ Dex+5} (You
                  | bought it in a shop on level 1 of the Dungeon)
  1962 | D:3      | Found an ancient bone altar of Kikubaaqudgha.
  2195 | D:3      | Found Tetaogh's Weapon Shoppe.
  2204 | D:3      | Learned a level 3 spell: Passwall
  2278 | D:4      | Found a runed translucent door.
  2278 | D:4      | Noticed a human
  2287 | D:4      | Found a basalt altar of Yredelemnul.
  2394 | D:4      | Reached skill level 1 in Earth Magic
  2536 | D:4      | Reached skill level 5 in Short Blades
  2544 | D:4      | Reached skill level 1 in Stealth
  2544 | D:4      | Reached XP level 6. HP: 32/32 MP: 7/7
  2746 | D:4      | Found a broken altar of Ashenzari.
  3105 | D:5      | Entered Level 5 of the Dungeon
  3118 | D:5      | Reached XP level 7. HP: 36/36 MP: 8/8
  3415 | D:5      | Noticed Sigmund
  3422 | D:5      | Killed Sigmund
  3423 | D:5      | Gained mutation: You have razor-sharp teeth. [Vine Stalker
                  | growth]
  3423 | D:5      | Reached XP level 8. HP: 42/42 MP: 9/9
  3431 | D:5      | Noticed Menkaure
  3439 | D:5      | Killed Menkaure
  3643 | D:6      | Reached skill level 5 in Stealth
  3724 | D:6      | Found an iron altar of Okawaru.
  3805 | D:6      | Found a transporter.
  3830 | D:6      | Reached skill level 5 in Fighting
  3844 | D:6      | Found a transporter.
  3847 | D:6      | Noticed Hans's ghost (novice MfAl)
  3852 | D:6      | Noticed a vampire
  3898 | D:6      | Found a glowing silver altar of Zin.
  3964 | D:6      | Reached XP level 9. HP: 45/47 MP: 10/10
  3967 | D:6      | Found a staircase to the Ecumenical Temple.
  3980 | Temple   | Entered the Ecumenical Temple
  4339 | D:7      | Found a radiant altar of Vehumet.
  4877 | D:8      | Found a sacrificial altar of Ru.
  5033 | D:8      | Found a snail-covered altar of Cheibriados.
  5171 | D:8      | Found an opulent altar of Gozag.
  5201 | D:8      | Reached XP level 10. HP: 53/53 MP: 9/11
  5293 | D:8      | Found a white marble altar of Elyvilon.
  5462 | D:8      | Reached skill level 10 in Short Blades
  6143 | D:9      | Found a hide-covered altar of Uskayaw.
  6158 | D:9      | Became a worshipper of Uskayaw the Reveller
  6261 | D:9      | Reached * piety under Uskayaw
  6266 | D:9      | Reached ** piety under Uskayaw
  6268 | D:9      | Reached *** piety under Uskayaw
  6275 | D:9      | Found Xiolaom's Book Emporium.
  6351 | D:9      | Reached skill level 1 in Invocations
  6354 | D:9      | Reached XP level 11. HP: 58/58 MP: 12/12
  6354 | D:9      | Reached **** piety under Uskayaw
  6356 | D:9      | Reached ***** piety under Uskayaw
  6464 | D:9      | Reached skill level 10 in Stealth
  6533 | D:9      | Found a shadowy altar of Dithmenos.
  6566 | D:10     | Entered Level 10 of the Dungeon
  6666 | D:10     | Found a staircase to the Lair.
  6689 | D:10     | Reached ****** piety under Uskayaw
  6715 | D:10     | Noticed a boulder beetle
  6726 | D:10     | HP: 3/60 [boulder beetle (6)]
  6733 | D:10     | Found Qofficky's Distillery.
  6846 | D:10     | Bought a potion of invisibility for 112 gold pieces
  6846 | D:10     | Bought a potion of might for 56 gold pieces
  6914 | D:10     | Noticed Amaemon
  6935 | D:10     | Killed Amaemon
  7020 | D:10     | Killed a boulder beetle
  7072 | D:10     | Found a bloodstained altar of Trog.
  7313 | D:9      | Bought a book of Movement for 320 gold pieces
  7318 | D:9      | Learned a level 4 spell: Vhi's Electric Charge
  7360 | Lair:1   | Entered Level 1 of the Lair of Beasts
  7360 | Lair:1   | Noticed Maggie
  7363 | Lair:1   | Killed Maggie
  7499 | Lair:1   | Reached XP level 12. HP: 51/65 MP: 14/16
  7505 | Lair:1   | Reached skill level 1 in Dodging
  7505 | Lair:1   | Reached skill level 1 in Translocations
  7505 | Lair:1   | Reached skill level 1 in Air Magic
  7857 | Lair:1   | Noticed Urug
  7868 | Lair:1   | Killed Urug
  8069 | Lair:2   | Noticed an eight-headed hydra
  8078 | Lair:2   | Killed an eight-headed hydra
  8115 | Lair:2   | Noticed a six-headed hydra
  8116 | Lair:2   | Killed a six-headed hydra
  8123 | Lair:2   | Reached skill level 5 in Invocations
  8209 | Lair:2   | Found a hole to the Spider Nest.
  8581 | Lair:2   | Found a runed translucent door.
  8583 | Lair:2   | Noticed Rupert
  8825 | Lair:3   | Noticed a skyshark
  8836 | Lair:3   | Killed a skyshark
  9253 | Lair:3   | Reached XP level 13. HP: 60/70 MP: 16/18
  9315 | Lair:3   | Noticed Gastronok
  9320 | Lair:3   | Killed Gastronok
  9357 | Lair:3   | Reached skill level 5 in Translocations
  9357 | Lair:3   | Reached skill level 5 in Air Magic
  9480 | Lair:3   | Found a staircase to the Shoals.
  9956 | Lair:4   | Noticed Nessos
  9958 | Lair:4   | Reached skill level 5 in Shields
  9982 | Lair:4   | Your ally Nessos died
 10113 | Lair:4   | You fall into a shaft and drop 1 floor!
 10113 | Lair:5   | Entered Level 5 of the Lair of Beasts
 10141 | Lair:5   | Acquired the +3 pair of mountain boots {steadfast, rC+}
 10141 | Lair:5   | Found the +3 pair of mountain boots {steadfast, rC+}
 10166 | Lair:5   | Found a staircase to the Slime Pits.
 10715 | Lair:5   | Reached skill level 10 in Fighting
 10828 | Lair:5   | Reached XP level 14. HP: 75/77 MP: 20/20
 11189 | Lair:5   | Found a corrupted altar of Lugonu.
 11189 | Lair:5   | Found a one-way gate to the infinite horrors of the Abyss.
 12075 | D:11     | Found Plog's Book Emporium.
 12178 | D:11     | Found Roadem's Weapon Boutique.
 12447 | D:11     | Found Votecoc's General Store.
 12511 | D:11     | Found a sparkling altar of Nemelex Xobeh.
 12697 | D:11     | Bought a scroll of blinking for 97 gold pieces
 12765 | D:11     | Found Jenoekk's Jewellery Emporium.
 13038 | D:12     | Found a staircase to the Orcish Mines.
 13180 | D:12     | Identified the +4 sling "Hoghefa" {freeze, rC- Int+6}
 13834 | D:13     | Identified the +8 whip "Huom" {speed, +Blink Dex+4}
 14039 | D:13     | Reached skill level 1 in Spellcasting
 14039 | D:13     | Reached XP level 15. HP: 80/81 MP: 22/22
 14333 | D:13     | Found a gate to the Vaults.
 14508 | D:13     | Upgraded the game from 0.32-a0-960-g3814254bd7 to
                  | 0.32-a0-975-g85d4e5bfdb
 15000 | D:14     | Noticed a storm dragon
 15007 | D:14     | Found a runed translucent gate.
 15011 | D:14     | Found a runed translucent gate.
 15012 | D:14     | Found a runed translucent gate.
 15015 | D:14     | Noticed Dirtsage's ghost (journeyman DsFE)
 15835 | D:11     | Bought the +6 ring mail of Noughts and Crosses {Regen+
                  | Slay+2} for 642 gold pieces
 15995 | Spider:1 | Entered Level 1 of the Spider Nest
 16067 | Spider:1 | Noticed Frances
 16077 | Spider:1 | Killed Frances
 16123 | Spider:1 | Reached skill level 10 in Translocations
 16197 | Spider:1 | Reached skill level 10 in Air Magic
 16433 | Spider:1 | Gained mutation: Your magical capacity is low. (-10% MP)
                  | [mutagenic glow]
 16568 | Spider:1 | Gained mutation: You are vulnerable to cold. (rC-)
                  | [mutagenic glow]
 16580 | Spider:1 | Lost mutation: You are vulnerable to cold. (rC-) [potion of
                  | mutation]
 16580 | Spider:1 | Lost mutation: Your magical capacity is low. (-10% MP)
                  | [potion of mutation]
 16580 | Spider:1 | Gained mutation: Your flesh is cold resistant. (rC+)
                  | [potion of mutation]
 16580 | Spider:1 | Gained mutation: Your flesh is very cold resistant. (rC++)
                  | [potion of mutation]
 16580 | Spider:1 | Gained mutation: You occasionally lose the ability to drink
                  | potions when taking damage. [potion of mutation]
 17091 | Spider:1 | Killed a ghost moth
 17313 | Spider:2 | Reached XP level 16. HP: 87/87 MP: 23/23
 17988 | Spider:3 | Found a glacial archway.
 18000 | IceCv    | Entered an ice cave
 18189 | IceCv    | Reached skill level 5 in Armour
 18696 | Spider:3 | Learned a level 7 spell: Manifold Assault
 18948 | Spider:4 | Entered Level 4 of the Spider Nest
 19010 | Spider:4 | Noticed Arachne
 19018 | Spider:4 | Killed Arachne
 19045 | Spider:4 | Noticed Bai Suzhen
 19533 | Spider:4 | Reached skill level 5 in Spellcasting
 19543 | Spider:4 | Reached skill level 5 in Dodging
 19642 | Spider:4 | Noticed Mlioglotl
 19662 | Spider:4 | Killed Mlioglotl
 19830 | Spider:4 | Reached XP level 17. HP: 78/93 MP: 25/25
 20162 | Orc:1    | Entered Level 1 of the Orcish Mines
 20329 | Orc:1    | Found a roughly hewn altar of Beogh.
 20473 | Orc:1    | Reached skill level 10 in Invocations
 20637 | Orc:1    | Found a roughly hewn altar of Beogh.
 20676 | Orc:1    | Identified the +9 battleaxe of the Skies Above {freeze,
                  | rC+}
 21069 | Orc:2    | Entered Level 2 of the Orcish Mines
 21214 | Orc:2    | Found Kaefagapp's General Store.
 21215 | Orc:2    | Found Cankenka's Distillery.
 21230 | Orc:2    | Noticed Jorgrun
 21232 | Orc:2    | Killed Jorgrun
 21290 | Orc:2    | Noticed Maurice
 21297 | Orc:2    | Killed Maurice
 21372 | Orc:2    | Found Ramnidal's Antique Armour Shoppe.
 21372 | Orc:2    | Found Jiotziza's Jewellery Emporium.
 21372 | Orc:2    | Found a one-way gate leading to the halls of Pandemonium.
 21413 | Orc:2    | Bought a scroll of enchant armour for 97 gold pieces
 21415 | Orc:2    | Bought a potion of haste for 130 gold pieces
 21459 | Orc:2    | Found a staircase to the Elven Halls.
 21996 | Orc:2    | Found a roughly hewn altar of Beogh.
 22021 | Orc:2    | Found a burning altar of Makhleb.
 22204 | Orc:2    | Bought a glowing cloak for 255 gold pieces
 22204 | Orc:2    | Bought a smoking buckler for 323 gold pieces
 22204 | Orc:2    | Identified the +0 buckler "Ussinow" {rElec Str+2 Slay+2}
                  | (You bought it in a shop on level 2 of the Orcish Mines)
 22215 | Orc:2    | Bought a pair of twisted boots for 323 gold pieces
 22215 | Orc:2    | Identified the +1 pair of boots of the Other Side {Dex+3}
                  | (You bought it in a shop on level 2 of the Orcish Mines)
 22486 | Spider:4 | Killed Bai Suzhen
 22679 | Spider:4 | Got a gossamer rune of Zot
 23080 | Orc:2    | Bought a ring of flight for 280 gold pieces
 23320 | Shoals:1 | Entered Level 1 of the Shoals
 23613 | Shoals:1 | Reached XP level 18. HP: 96/98 MP: 29/29
 23631 | Shoals:1 | Identified the +2 chain mail of the Game Afoot {Int+2
                  | Slay+2}
 24505 | Shoals:2 | Noticed Ilsuiw
 24555 | Shoals:2 | Killed Ilsuiw
 25935 | Shoals:4 | Entered Level 4 of the Shoals
 26222 | Shoals:4 | Reached XP level 19. HP: 42/104 MP: 32/32
 26740 | Shoals:4 | Got a barnacled rune of Zot
 27053 | D:15     | Entered Level 15 of the Dungeon
 27073 | D:15     | Found a staircase to the Depths.
 28219 | Elf:1    | Entered Level 1 of the Elven Halls
 28973 | Elf:2    | Found the +8 Wrath of Trog {antimagic, *Rage Rampage}
 28975 | Elf:2    | Paralysed by an air elemental for 1 turns
 29545 | Elf:2    | Found a runed translucent gate.
 29545 | Elf:2    | Found a runed translucent gate.
 29545 | Elf:2    | Found a runed translucent gate.
 29570 | Elf:2    | Reached XP level 20. HP: 110/110 MP: 34/34
 30236 | Elf:3    | Entered Level 3 of the Elven Halls
 30348 | Elf:3    | Found Kootibar's Jewellery Emporium.
 30357 | Elf:3    | Bought an amulet of faith for 600 gold pieces
 30665 | Elf:3    | Noticed a Tzitzimitl
 31112 | Elf:3    | HP: 4/106 [deep elf death mage/+0 heavy trident (3)]
 31112 | Elf:3    | Shot with an arrow by a deep elf master archer

Illustrated notes

Levels and vault maps discovered:
D:1:      tarquinn_simple_flora_water_f, layout_loops_ring, serial_shops, shop
D:2:      layout_rooms, minmay_heptomino_o4
D:3:      layout_basic, lemuel_blue_sif_altar,
          nicolae_kikubaaqudgha_miasma_corner, serial_shops, shop_statue,
          shapermc_ecumenical_altar_rom_forum
D:4:      layout_basic, dk_yredelemnul_ordeal, ashenzari_conservatory_becter
D:5:      minmay_evil_eye, layout_basic, minmay_misc_feat_iff, st_stairs_2,
          feat_on_display, uniq_menkaure, uniq_sigmund
D:6:      cheibrodos_two_vegetables, layout_rooms, okawaru_gym_becter,
          lemuel_doored_altar, temple_statues, gammafunk_ghost_arena
D:7:      layout_basic, old_standard_altar, chequers_serial_rivers_small_b
D:8:      layout_basic, overflow_temple_1_default, cheibriados_altar_1,
          mainiacjoe_overflow_small_starburst, hangedman_ru_absence,
          kennysheep_generic_room_5
D:9:      layout_roguey [special_room_bee], old_standard_altar,
          mainiacjoe_overflow_alcove_4, serial_shops,
          nicolae_shop_temple_entry_statues_fountains
D:10:     layout_roguey, trog_antimagical, minmay_lair_entry_grove,
          serial_shops, nicolae_shop_tiny_statue_garden, uniq_amaemon
D:11:     layout_irregular_city, serial_shops, kennysheep_little_box,
          nicolae_take_the_stairs, nicolae_inconvenience_store,
          nicolae_shop_trees, minivault_16, chequers_serial_rivers_micro_c,
          nemelex_diamond_rough_becter
D:12:     layout_grid_maze, erik_orc_4
D:13:     layout_basic, grunt_vaults_entry_fortified
D:14:     layout_loops_ring, dreamdust_wishing_well, gammafunk_ghost_split,
          eino_tiny_chamber, roderic_serpentine_path
D:15:     hangedman_depths_entry_civil_slaughter, layout_cave_pods,
          minmay_misc_feat_rugged
Temple:   nicolae_temple_two_arcs
Lair:1:   layout_misc_corridors, uniq_maggie, uniq_urug
Lair:2:   layout_regular_city, spider_nest_entry_webs,
          pdpol_lair_cabin_in_the_woods
Lair:3:   layout_gridlike, minmay_shoals_entry_hut, infiniplex_staircase_pool_2,
          uniq_gastronok
Lair:4:   layout_misc_corridors, uniq_nessos
Lair:5:   hellmonk_lair_end_abyssal_woods, layout_cave_pods,
          minmay_slime_entry_pillars
Shoals:1: layout_shoals
Shoals:2: layout_shoals, centaur_isle, uniq_ilsuiw
Shoals:3: layout_shoals
Shoals:4: shoals_end_hellmonk_lost_city
Spider:1: layout_spider_delve, hangedman_spider_mandibles, uniq_frances
Spider:2: layout_spider_delve, nicolae_spider_nooks_and_crannies
Spider:3: layout_spider_delve, portal_ice_cave_entry_pillars_four
Spider:4: hellmonk_spider_rune_endless_swarm, uniq_mlioglotl, uniq_arachne,
          uniq_bai_suzhen
Orc:1:    orc_temple, layout_diamond_mine, lightli_church_of_beogh
Orc:2:    pf_orc_diabolical, layout_caves, nicolae_orc_stalacmites,
          nicolae_orc_lava_tube, regret_index_minedec_devilstone, uniq_jorgrun,
          uniq_maurice
Elf:1:    minmay_elf_arrival_plus, layout_gridlike, guppyfry_library_mini
Elf:2:    nicolae_elf_blades_splatter_lattice [nicolae_blade_little_rooms],
          layout_loops_ring, minivault_16
Elf:3:    grunt_elf_hall_spiral, layout_geoelf_octagon, serial_shops,
          nicolae_shop_pleasant_corner_grove, shop, shop,
          nicolae_shop_gaudy_bauble, serial_co_window_serial, co_window_paths_a,
          co_window_corner_a, co_window_of_opportunity_a,
          co_window_of_opportunity_a, co_window_corner_a, co_window_broadway_c,
          co_window_corner_cb, co_window_of_opportunity_c,
          co_window_unsneaky_path_d, co_window_of_opportunity_c,
          co_window_unsneaky_path_d, glass_columns_a, glass_columns_a,
          glass_columns_b, glass_columns_b

Skill      XL: |  1  2  3  4  5  6  7  8  9 10 11 12 13 14 15 16 17 18 19 20 |
---------------+-------------------------------------------------------------+-----
Short Blades   | 2 3 4 5 6 7 9 11 12 13 14 | 14.0
Fighting       | 3 4 5 6 7 8 9 10 11 12 13 14 | 14.0
Earth Magic    | 1 2 |  2.3
Stealth        | 1 2 4 6 8 9 11 12 14 | 14.7
Invocations    | 1 4 5 6 8 9 10 11 12 | 12.7
Dodging        | 2 3 5 6 7 8 |  8.8
Shields        | 4 5 7 8 9 |  9.5
Translocations | 4 7 9 10 11 12 13 | 13.1
Air Magic      | 4 7 9 10 | 10.5
Armour         | 3 4 5 6 7 8 9 |  9.3
Spellcasting   | 1 3 5 6 8 9 |  9.9

Action                     |  1- 3 |  4- 6 |  7- 9 | 10-12 | 13-15 | 16-18 | 19-21 || total
---------------------------+-------+-------+-------+-------+-------+-------+-------++-------
  Melee: Rapier            |    24 |       |       |       |       |       |       ||    24
         Dagger            |    38 |    82 |   140 |   395 |   888 |  1491 |   636 ||  3670
         Bite              |    10 |    20 |    34 |   143 |   375 |   695 |   277 ||  1554
  Throw: Dart              |       |       |       |     1 |     1 |     2 |       ||     4
         Javelin           |       |       |       |       |       |     6 |       ||     6
   Cast: Passwall          |       |     1 |       |       |       |       |       ||     1
         Vhi's Electric Ch |       |       |       |       |    23 |   116 |   110 ||   249
 Invoke: Line Pass         |       |       |       |       |     2 |    11 |       ||    13
         Grand Finale      |       |       |       |       |       |     2 |     4 ||     6
         Stomp             |       |       |       |       |       |     1 |     4 ||     5
  Evoke: Wand              |       |       |       |     2 |     3 |     1 |       ||     6
         Phantom mirror    |       |       |       |       |       |     2 |       ||     2
         Box of beasts     |       |       |       |       |       |     1 |       ||     1
         Phial of floods   |       |       |       |       |       |     1 |       ||     1
    Use: Scroll            |       |    10 |     1 |     6 |     9 |    10 |     3 ||    39
         Potion            |       |       |       |     1 |     2 |     3 |       ||     6
   Stab: Sleeping          |       |     2 |     8 |    26 |    27 |    32 |     5 ||   100
         Paralysed         |       |       |       |    21 |    59 |   133 |    57 ||   270
         Distracted        |       |       |       |     2 |     4 |     3 |     1 ||    10
         Confused          |       |       |       |       |     1 |     6 |       ||     7
         Held in net/web   |       |       |       |       |       |     1 |       ||     1
 Armour: Scale mail        |    26 |    18 |       |       |       |       |       ||    44
         Ring mail         |       |    28 |    63 |   152 |   533 |   798 |   334 ||  1908
  Dodge: Dodged            |    18 |    31 |    25 |    93 |   285 |   629 |   190 ||  1271
  Block: Buckler           |     8 |    12 |    27 |    61 |   221 |   434 |   117 ||   880

Table legend: (Time is in decaauts)
 A = Elapsed time spent in this place.
 B = Non-inter-level travel time spent in this place.
 C = Inter-level travel time spent in this place.
 D = Time resting spent in this place.
 E = Time spent auto-exploring this place.
 F = Levels seen in this place.
 G = Mean time per level.
                   A        B        C        D        E       F      G
               +--------+--------+--------+--------+--------+-----+--------+
         Total |  31125 |  27977 |   3148 |    584 |  21056 |  35 |  889.3 |
       Dungeon |  12819 |  11319 |   1500 |    135 |   9198 |  15 |  854.6 |
        Temple |      1 |      1 |      0 |      0 |      0 |   1 |    1.0 |
          Lair |   5286 |   4495 |    791 |    117 |   3555 |   5 | 1057.2 |
        Shoals |   3505 |   3356 |    149 |      0 |   2530 |   4 |  876.2 |
   Spider Nest |   3921 |   3670 |    251 |    202 |   2229 |   4 |  980.2 |
  Orcish Mines |   2339 |   1991 |    348 |      0 |   1541 |   2 | 1169.5 |
   Elven Halls |   2852 |   2746 |    106 |    122 |   1871 |   3 |  950.7 |
      Ice Cave |    398 |    398 |      0 |      7 |    129 |   1 |  398.0 |
               +--------+--------+--------+--------+--------+-----+--------+

Top non-repeatable levels by time:
  Lair:5: 1490 daAuts
   Orc:2: 1311 daAuts
  Lair:3: 1304 daAuts
Spider:4: 1279 daAuts
   Elf:2: 1252 daAuts
    D:14: 1129 daAuts
    D:12: 1128 daAuts
  Lair:2: 1105 daAuts
    D:13: 1086 daAuts
    D:15: 1070 daAuts
   Orc:1: 1028 daAuts
    D:11: 1012 daAuts
     D:3: 970 daAuts
Spider:2: 930 daAuts
Spider:3: 912 daAuts
